 Dungeon Crawl Stone Soup version 0.21-a0-137-g951aa02 (webtiles) character file.

122136 kuniqs the Destroyer (level 16, -3/134 HPs)
             Began as a Centaur Fire Elementalist on July 18, 2017.
             Was the Champion of Kikubaaqudgha.
             Slain by a redback (12 damage)
             ... on level 1 of the Spider Nest on July 19, 2017.
             The game lasted 01:45:23 (38054 turns).

kuniqs the Destroyer (Centaur Fire Elementalist)   Turns: 38054, Time: 01:45:24

Health: -3/134     AC: 10    Str: 12    XL:     16   Next: 34%
Magic:  24/30      EV: 10    Int: 25    God:    Kikubaaqudgha [******]
Gold:   1193       SH:  0    Dex: 11    Spells: 3/35 levels left

rFire    . . .     SeeInvis +   u - +4 quarterstaff of Entrepreneurial Spirit {crush, rC+ Int+3 Stlth+}
rCold    + . .     Gourm    .   (shield currently unavailable)
rNeg     . . .     Faith    .   K - +2 robe {Archmagi}
rPois    +         Spirit   .   U - +2 hat
rElec    +         Reflect  .   g - +0 cloak
rCorr    .         Harm     .   J - +0 pair of gloves "Sakkaun" {*Slow rPois MR+ Int+3} (curse)
MR       ++++.                  (no barding)
Stlth    ++........             v - amulet of magic regeneration
HPRegen  0.32/turn              F - ring of protection from magic
MPRegen  0.47/turn              G - ring of see invisible

@: lethally poisoned (-3 -> -36), slowed
A: hooves 3, deformed body, speed 2, magic resistance 1, electricity resistance,
tough skin 3, wild magic 1
a: Receive Corpses, Torment, Brand Weapon With Pain, Receive Necronomicon,
Renounce Religion


You were on level 1 of the Spider Nest.
You worshipped Kikubaaqudgha.
Kikubaaqudgha was exalted by your worship.
You were near starving.

You visited 4 branches of the dungeon, and saw 25 of its levels.
You also visited: Labyrinth, Ossuary, Ice Cave and Volcano.

You collected 2997 gold pieces.
You spent 1804 gold pieces at shops.

Inventory:

Hand Weapons
 b - the +8 autumn katana {slice, Clar}
   (You found it in a labyrinth)

   It inflicts extra damage upon your enemies.
   It protects you against confusion.
 u - the +4 quarterstaff of Entrepreneurial Spirit (weapon) {crush, rC+ Int+3 Stlth+}
   (You found it on level 4 of the Dungeon)

   It inflicts extra damage upon your enemies.
   It affects your intelligence (+3).
   It protects you from cold.
   It makes you more stealthy.
Missiles
 M - 257 stones (quivered)
 V - 270 arrows
 X - a throwing net
Armour
 g - a +0 cloak (worn)
 J - the cursed +0 pair of gloves "Sakkaun" (worn) {*Slow rPois MR+ Int+3}
   (You found it in a labyrinth)

   It affects your intelligence (+3).
   It protects you from poison.
   It affects your resistance to hostile enchantments.
   It may slow you when you take damage.
   It has a curse placed upon it.
 K - a +2 robe of the Archmagi (worn)
 R - a +2 shield of positive energy
 U - a +2 hat (worn)
Magical Staves
 O - an uncursed staff of wizardry
Jewellery
 t - an uncursed ring of ice
 v - an amulet of magic regeneration (around neck)
 F - a ring of protection from magic (left hand)
 G - a ring of see invisible (right hand)
 Y - an uncursed ring of wizardry
 Z - an uncursed ring of poison resistance
Wands
 w - a wand of iceblast (2/15)
 I - a wand of acid (9/15)
 L - a wand of confusion (27/48)
 T - a wand of digging (16/24)
Scrolls
 a - 3 scrolls of blinking
 j - 5 scrolls of recharging
 k - 2 scrolls of magic mapping
 l - 12 scrolls of teleportation
 m - 14 scrolls of identify {@r1}
 q - a scroll of fog
 r - 7 scrolls of immolation
 x - 7 scrolls of amnesia
 y - 12 scrolls of remove curse {@r2}
 N - a scroll of silence {unknown}
 P - 3 scrolls of enchant armour
 Q - 2 scrolls of fear
 W - a scroll of summoning
Potions
 h - a potion of cancellation {unknown}
 i - 3 potions of magic
 n - 8 potions of might
 o - 9 potions of curing {@q1}
 p - a potion of mutation
 z - a potion of heal wounds
 A - 3 potions of flight
 B - 3 potions of haste
 C - a potion of ambrosia
 D - a potion of agility {unknown}
 E - a potion of resistance {unknown}
 H - a potion of brilliance
Books
 s - a Necronomicon

   Spells                             Type                      Level
   a - Haunt                          Necromancy/Summoning         7
   b - Borgnjor's Revivification      Necromancy                   8
   c - Death's Door                   Charms/Necromancy            8
   d - Infestation                    Necromancy                   8
   e - Necromutation                  Transmutation/Necromancy     8
 S - a book of Ice

   Spells                             Type                      Level
   a - Ice Form                       Ice/Transmutation            4
   b - Metabolic Englaciation         Hexes/Ice                    5
   c - Ozocubu's Refrigeration        Ice                          6
   d - Bolt of Cold                   Conjuration/Ice              6
   e - Freezing Cloud                 Conjuration/Ice/Air          6
   f - Simulacrum                     Ice/Necromancy               6
Comestibles
 c - 17 royal jellies
 d - 13 bread rations
 e - 7 meat rations
 f - 36 fruits


   Skills:
 + Level 10.2 Fighting
 - Level 1.3 Dodging
 - Level 1.1 Stealth
 + Level 10.1 Spellcasting
 - Level 13.0 Conjurations
 + Level 9.9 Necromancy
 - Level 6.6 Transmutations
 - Level 12.6 Fire Magic
 + Level 7.0 Ice Magic
 - Level 5.5 Earth Magic


You had 3 spell levels left.
You knew the following spells:

 Your Spells              Type           Power        Failure   Level  Hunger
a - Flame Tongue          Conj/Fire      #####        1%          1    None
b - Throw Flame           Conj/Fire      ######       1%          2    None
c - Conjure Flame         Conj/Fire      ########     1%          3    None
d - Sticky Flame          Conj/Fire      ########     1%          4    None
e - Sandblast             Erth           ######       1%          1    None
f - Fireball              Conj/Fire      ########..   1%          5    ####...
g - Animate Dead          Necr           N/A          1%          4    None
h - Sticks to Snakes      Tmut           ######..     1%          2    None
i - Simulacrum            Ice/Necr       #######...   30%         6    #####..
j - Throw Icicle          Conj/Ice       #######.     1%          4    None


Dungeon Overview and Level Annotations

Branches:
Dungeon (15/15)            Temple (0/1) D:7            Lair (6/6) D:10
 Shoals (0/4) Lair:3       Spider (2/4) Lair:3        Slime (0/5) Lair:5
    Orc (2/2) D:10            Elf (0/3) Orc:2        Vaults (0/5) D:14
 Depths (0/5) D:15

Altars:
Fedhas
Kikubaaqudgha
Nemelex Xobeh
Ru
Sif Muna
Uskayaw
Vehumet
Xom
Beogh

Shops:
D:6 (   D:13 ?   Orc:2 ??}(

Portals:
Pandemonium: Orc:2

Annotations:
D:14 1 runed door


Innate Abilities, Weirdness & Mutations

You have hooves in place of feet.
Armour fits poorly on your strangely shaped body.
You cover ground very quickly.
You have extremely tough skin. (AC +3)
You are resistant to hostile enchantments. (MR+)
You are resistant to electric shocks. (rElec)
Your spells are a little harder to cast, but a little more powerful.


Message History

You are near starving!
The demonic crawler hits you. The demonic crawler barely misses you.
The demonic crawler hits you but does no damage.
The tarantella barely misses you. The demonic crawler hits you.
The demonic crawler closely misses you. x2; The redback completely misses you.
The tarantella bites you!
* * * LOW HITPOINT WARNING * * *
You feel a surge of power!
You call on the dead to rise...
The dead are crawling!
The redback bites you!
* * * LOW HITPOINT WARNING * * *
You are lethally poisoned!
The redback poisons you! The demonic crawler hits you!
* * * LOW HITPOINT WARNING * * *
The demonic crawler hits you.
* * * LOW HITPOINT WARNING * * *
The demonic crawler hits you!
* * * LOW HITPOINT WARNING * * *
The tarantella barely misses you. The redback bites you!
You die...
Kikubaaqudgha rasps: "You have failed me!
Welcome... death!"

##..#. ### #..... ###
#.#### #..... ##.## ###
#^...# ##..... #...# ##.#
###...###.....# ..###
##..# ##^#..##.#.....#
..## #...#
#..#.....#...... #..#
###..####...............
#..#
##.....s@Z............#..
...#
#......ss.Z.....#.....###
...#
##..>..##......##..≈≈..≈#
..##
##.....Z.####.#####≈#≈≈≈≈#
.## ###....##...^####
###≈#≈≈#
.#####.......#....# ##≈≈≈≈
...##........#.#### ≈#≈≈≈
....#....####### ≈≈≈≈#≈
.#####.....#### ≈≈ ≈≈≈#


You could see a demonic crawler, a tarantella, a redback, a friendly wolf spider
zombie, a friendly jumping spider zombie and a friendly tarantella zombie.

Vanquished Creatures
  Gastronok (Lair:1)
  Agnes (D:14)
  Kirke (Lair:5)
  Louise (Spider:2)
  A spark wasp (Spider:1)
  2 ettins
  A minotaur (Lab)
  Erolcha (D:13)
  A yaktaur captain (D:15)
  Fannar (D:12)
  2 vault guards (D:14)
  5 two-headed ogres
  2 death knights
  2 tengu warriors (D:15)
  2 centaur warriors
  Erica (D:11)
  A deep troll earth mage (D:14)
  4 orc high priests (Orc:2)
  4 death yaks (Lair:5)
  A fire crab (Volcano)
  Nergalle (Orc:1)
  4 unseen horrors
  5 skeletal warriors
  A sixfirhy (Orc:2)
  An infernal demonspawn (Orc:2)
  3 wizards (D:14)
  2 torturous demonspawn (Orc:2)
  A flayed ghost (D:14)
  A harpy (D:14)
  A necromancer (D:14)
  2 deep elf magi (D:10)
  6 orc knights
  An orb spider (Spider:1)
  An ugly thing (D:12)
  2 manticores
  3 cyclopes (D:11)
  5 wolf spiders (Spider:1)
  8 orc sorcerers (Orc:2)
  A moth of wrath (Spider:1)
  5 black mambas
  2 centaur zombies
  22 elephants
  A molten gargoyle (Volcano)
  14 spiny frogs
  A smoke demon (Orc:2)
  3 centaur skeletons
  7 gargoyles
  A rime drake (Lair:4)
  2 yaktaurs
  A demonic crawler (Spider:1)
  A kobold demonologist (D:12)
  A freezing wraith (D:15)
  2 komodo dragons
  A tengu conjurer (D:12)
  An ice devil (Orc:2)
  2 polar bears
  4 tyrant leeches (Lair:6)
  A queen bee (D:11)
  5 jumping spiders
  9 trolls
  A hornet (Spider:1)
  A polar bear (shapeshifter) (D:14)
  14 blink frogs
  3 dream sheep (Lair:6)
  3 hippogriffs
  4 slime creatures (D:14)
  A ynoxinul (Orc:2)
  10 redbacks
  A vampire (D:11)
  5 wraiths
  3 wyverns
  23 yaks
  A centaur simulacrum (D:12)
  6 fire bats (Volcano)
  A hog (Lair:5)
  7 basilisks
  15 humans (D:14)
  9 tarantellas
  2 steam dragons
  8 vampire mosquitoes
  10 hungry ghosts
  A chaos spawn (Orc:2)
  2 soldier ants
  3 acid dragons (D:11)
  11 water moccasins
  A warg (Orc:1)
  18 porcupines
  A swamp drake (D:10)
  A hornet zombie (D:8)
  A black bear (D:11)
  13 ice beasts
  6 sky beasts
  47 orc warriors
  A boggart (D:11)
  9 ogres
  2 phantoms (D:4)
  40 wolves
  An eye of draining (D:12)
  7 centaurs
  13 crocodiles
  A big kobold (D:14)
  26 bullfrogs
  A gnoll sergeant (Orc:2)
  A wyvern skeleton (D:13)
  8 scorpions
  32 killer bees
  A troll skeleton (Lab)
  9 wights (D:9)
  A spriggan skeleton (Lab)
  5 electric eels
  10 crimson imps
  2 bullfrog zombies
  37 orc priests
  A quasit (D:14)
  A bullfrog skeleton (D:12)
  9 hounds
  An iron imp (D:10)
  4 jellies
  Crazy Yiuf (D:3)
  30 orc wizards
  12 mummies (Ossuary)
  4 iguanas
  12 worker ants
  A killer bee zombie (Ossuary)
  2 ogre skeletons (Lab)
  3 hound zombies
  A hound skeleton (D:7)
  A howler monkey zombie (D:5)
  4 worker ant zombies
  4 gnolls (Orc:2)
  12 adders
  8 shadow imps
  A white imp (D:12)
  2 adder skeletons (D:7)
  2 adder zombies
  3 worms
  A dart slug (D:2)
  6 leopard geckos
  110 orcs
  A ball python (D:2)
  4 bats
  4 giant cockroaches
  12 goblins
  6 hobgoblins
  13 jackals
  5 quokkas
  2 frilled lizards
  A jackal zombie (Ossuary)
  12 kobolds
  A leopard gecko zombie (D:6)
  A quokka zombie (D:4)
  9 rats
  A rat zombie (D:4)
  A bush (Lair:5)
  A fungus (Lair:5)
  2 plants (D:12)
922 creatures vanquished.

Vanquished Creatures (collateral kills)
  Rupert (Lair:5)
  A hydra (Lair:6)
  An infernal demonspawn (Orc:2)
  An orc knight (Orc:2)
  A wolf spider (Spider:1)
  7 spiny frogs (Lair:6)
  A komodo dragon (Lair:6)
  A jumping spider (Spider:1)
  3 trolls
  2 blink frogs (Lair:6)
  4 dream sheep (Lair:6)
  A hippogriff (Lair:6)
  A tarantella (Spider:1)
  2 redbacks (Spider:1)
  A yak (Lair:6)
  A warg (Orc:2)
  8 orc warriors
  An ogre (Orc:2)
  3 crocodiles (Lair:6)
  6 bullfrogs (Lair:6)
  3 lava snakes (Volcano)
  An orc priest (Orc:2)
  3 orc wizards (Orc:2)
  8 orcs
62 creatures vanquished.

Vanquished Creatures (others)
  Asterion (Spider:1)
  A hell hog (Volcano)
  A steam dragon (Volcano)
  A white imp (D:10)
  A bush (Lair:3)
  12 fungi
  37 plants
  2 withered plants (Ossuary)
56 creatures vanquished.

Grand Total: 1040 creatures vanquished

Notes
Turn   | Place    | Note
-------+----------+-------------------------------------------
     0 | D:1      | kuniqs the Centaur Fire Elementalist began the quest for the Orb.
     0 | D:1      | Reached XP level 1. HP: 14/14 MP: 3/3
   177 | D:1      | Reached skill level 1 in Conjurations
   807 | D:1      | Reached XP level 2. HP: 20/20 MP: 1/4
   988 | D:1      | Learned a level 2 spell: Throw Flame
  1702 | D:2      | Reached XP level 3. HP: 17/26 MP: 0/6
  2071 | D:2      | Found a radiant altar of Vehumet.
  2144 | D:2      | Found an ancient bone altar of Kikubaaqudgha.
  2148 | D:2      | Became a worshipper of Kikubaaqudgha
  2159 | D:2      | Found a blossoming altar of Fedhas.
  2165 | D:2      | Found a shimmering altar of Xom.
  2179 | D:2      | Found a sparkling altar of Nemelex Xobeh.
  2322 | D:3      | Found a sparkling altar of Nemelex Xobeh.
  2550 | D:3      | Reached skill level 2 in Conjurations
  2550 | D:3      | Reached XP level 4. HP: 33/33 MP: 4/7
  2610 | D:3      | Learned a level 3 spell: Conjure Flame
  2833 | D:3      | Reached * piety under Kikubaaqudgha
  2833 | D:3      | Identified Kikubaaqudgha's Reference Book on Darkness (Kikubaaqudgha gifted it to you on level 3 of the Dungeon)
  2833 | D:3      | Received a gift from Kikubaaqudgha
  3374 | D:3      | Found a runed door.
  3615 | D:3      | Reached XP level 5. HP: 38/38 MP: 3/8
  3814 | D:3      | Noticed Crazy Yiuf
  3843 | D:3      | Killed Crazy Yiuf
  3964 | D:4      | Got a warped quarterstaff
  3982 | D:4      | Reached skill level 3 in Conjurations
  3984 | D:4      | Identified the +4 quarterstaff of Entrepreneurial Spirit {crush, rC+ Int+3 Stlth+} (You found it on level 4 of the Dungeon)
  4106 | D:4      | Noticed a phantom
  4137 | D:4      | Noticed a phantom
  4147 | D:4      | Killed a phantom
  4147 | D:4      | Reached XP level 6. HP: 34/45 MP: 2/9
  4184 | D:4      | Reached skill level 5 in Fire Magic
  4302 | D:4      | Found a sand-covered staircase.
  4322 | Ossuary  | Entered an ossuary
  4343 | Ossuary  | Reached skill level 4 in Conjurations
  4472 | Ossuary  | Reached ** piety under Kikubaaqudgha
  4517 | Ossuary  | Reached XP level 7. HP: 41/50 MP: 10/10
  4759 | D:4      | Reached skill level 5 in Conjurations
  4844 | D:4      | Learned a level 4 spell: Sticky Flame
  5372 | D:5      | Entered Level 5 of the Dungeon
  5400 | D:5      | Reached XP level 8. HP: 36/57 MP: 9/11
  5653 | D:5      | Reached *** piety under Kikubaaqudgha
  5653 | D:5      | Identified Kikubaaqudgha's Guide on Stolen Souls (Kikubaaqudgha gifted it to you on level 5 of the Dungeon)
  5653 | D:5      | Received a gift from Kikubaaqudgha
  5653 | D:5      | Reached skill level 6 in Conjurations
  5700 | D:5      | Found a transporter.
  5707 | D:5      | Found a transporter.
  6689 | D:6      | Reached skill level 7 in Conjurations
  6937 | D:6      | Found Lugod's Antique Weapon Boutique.
  6989 | D:6      | Reached XP level 9. HP: 53/62 MP: 7/12
  7419 | D:7      | Reached skill level 8 in Conjurations
  7547 | D:7      | Reached **** piety under Kikubaaqudgha
  7650 | D:7      | Found a staircase to the Ecumenical Temple.
  8000 | D:7      | Learned a level 1 spell: Sandblast
  8300 | D:7      | Found a deep blue altar of Sif Muna.
  8492 | D:8      | You fall through a shaft!
  8685 | D:9      | Reached skill level 1 in Earth Magic
  8762 | D:9      | Noticed a troll
  8769 | D:9      | Killed a troll
  8842 | D:9      | Reached XP level 10. HP: 56/69 MP: 3/14
  9024 | D:8      | Identified Oschuh's Incunabulum of the Frostbite and the Compass
  9115 | D:8      | Noticed an unseen horror
  9125 | D:8      | Killed an unseen horror
  9125 | D:8      | Reached skill level 9 in Conjurations
  9672 | D:8      | Learned a level 5 spell: Fireball
  9814 | D:8      | Noticed a two-headed ogre
  9828 | D:8      | Killed a two-headed ogre
  9828 | D:8      | Reached ***** piety under Kikubaaqudgha
 10442 | D:9      | Noticed a two-headed ogre
 10487 | D:9      | Killed a two-headed ogre
 10487 | D:9      | Reached skill level 10 in Fire Magic
 10792 | D:10     | Entered Level 10 of the Dungeon
 10993 | D:10     | Noticed an unseen horror
 10999 | D:10     | Killed an unseen horror
 11015 | D:10     | Reached XP level 11. HP: 55/74 MP: 9/18
 11157 | D:10     | Found a staircase to the Lair.
 11291 | D:10     | Gained mutation: You are resistant to electric shocks. (rElec) [potion of mutation]
 11291 | D:10     | Gained mutation: You are resistant to hostile enchantments. (MR+) [potion of mutation]
 11291 | D:10     | Gained mutation: Your spells are a little harder to cast, but a little more powerful. [potion of mutation]
 11360 | D:10     | Reached skill level 5 in Spellcasting
 11484 | D:10     | Noticed a deep elf mage
 11491 | D:10     | Killed a deep elf mage
 11491 | D:10     | Reached skill level 10 in Conjurations
 11491 | D:10     | Reached skill level 5 in Earth Magic
 11671 | D:10     | Noticed a deep elf mage
 11675 | D:10     | Killed a deep elf mage
 11837 | D:10     | Found a staircase to the Orcish Mines.
 12158 | D:11     | Noticed Erica
 12162 | D:11     | Killed Erica
 12371 | D:11     | Learned a level 4 spell: Animate Dead
 12834 | Lair:1   | Entered Level 1 of the Lair of Beasts
 12834 | Lair:1   | Noticed Gastronok
 13116 | Lair:1   | Reached skill level 1 in Necromancy
 13444 | Lair:1   | Killed Gastronok
 14423 | Lair:2   | Reached XP level 12. HP: 59/82 MP: 10/21
 14602 | Lair:3   | Reached skill level 1 in Fighting
 14752 | Lair:3   | Found a staircase to the Shoals.
 14903 | Lair:3   | Found a frozen archway.
 15052 | IceCv    | Entered an ice cave
 15366 | Lair:3   | Reached ****** piety under Kikubaaqudgha
 15511 | Lair:3   | Reached skill level 11 in Conjurations
 15895 | Lair:3   | Found a hole to the Spider Nest.
 16524 | Lair:4   | Reached skill level 5 in Necromancy
 16642 | Lair:4   | Reached XP level 13. HP: 14/99 MP: 11/23
 17002 | Lair:4   | Learned a level 2 spell: Sticks to Snakes
 17542 | Lair:5   | Found a staircase to the Slime Pits.
 17600 | Lair:5   | Reached skill level 1 in Transmutations
 17676 | Lair:5   | Reached skill level 5 in Fighting
 18038 | Lair:5   | Noticed Rupert
 18146 | Lair:5   | Killed Rupert
 18259 | Lair:5   | Noticed Kirke
 18553 | Lair:5   | Killed Kirke
 18991 | Lair:6   | Entered Level 6 of the Lair of Beasts
 18991 | Lair:6   | Found a labyrinth entrance.
 19404 | Lab      | Entered a labyrinth
 19978 | Lab      | Reached skill level 12 in Conjurations
 20810 | Lab      | Noticed a minotaur
 20832 | Lab      | Killed a minotaur
 20868 | Lab      | Identified Jotighe's Intricacies of Wizardry
 20869 | Lab      | Identified the cursed +0 robe "Hiumnevu" {rC- Str+4} (You found it in a labyrinth)
 20870 | Lab      | Identified the cursed +0 pair of gloves "Sakkaun" {*Slow rPois MR+ Int+3} (You found it in a labyrinth)
 21033 | Lair:5   | Learned a level 6 spell: Simulacrum
 21274 | Lair:6   | Reached XP level 14. HP: 85/111 MP: 18/26
 21406 | Lair:6   | Reached skill level 1 in Ice Magic
 22449 | Orc:1    | Entered Level 1 of the Orcish Mines
 22860 | Orc:2    | Entered Level 2 of the Orcish Mines
 23025 | Orc:2    | Found a staircase to the Elven Halls.
 23165 | Orc:2    | Found a roughly hewn altar of Beogh.
 23270 | Orc:2    | Found a dark tunnel.
 23275 | Volcano  | Entered a volcano
 23407 | Volcano  | Found a burning altar of Makhleb.
 24629 | Orc:1    | Noticed Nergalle
 24655 | Orc:1    | Killed Nergalle
 25136 | Orc:2    | Reached skill level 5 in Transmutations
 25291 | Orc:2    | Found Gamanir's Magic Scroll Boutique.
 25298 | Orc:2    | Found Wonlis's Magic Scroll Shop.
 25701 | Orc:2    | Bought a scroll of magic mapping for 56 gold pieces
 25701 | Orc:2    | Bought a scroll of fog for 32 gold pieces
 26784 | Orc:2    | Reached XP level 15. HP: 64/121 MP: 17/27
 26992 | Orc:2    | Found Jaunous's Antique Weapon Emporium.
 26992 | Orc:2    | Found a one-way gate leading to the halls of Pandemonium.
 26992 | Orc:2    | Found Zekhlodo's Gadget Shoppe.
 27258 | Orc:2    | Found a roughly hewn altar of Beogh.
 28751 | D:11     | Found a hide-covered altar of Uskayaw.
 29346 | D:12     | Noticed Fannar
 29354 | D:12     | Killed Fannar
 30396 | D:13     | Reached skill level 13 in Conjurations
 30651 | D:13     | Noticed Erolcha
 30658 | D:13     | Killed Erolcha
 30745 | D:13     | Found Emegeggo's Magic Scroll Shop.
 30957 | D:13     | Bought a scroll of acquirement for 884 gold pieces
 31001 | D:13     | Found a sacrificial altar of Ru.
 31330 | Orc:2    | Bought a scroll of acquirement for 832 gold pieces
 31511 | D:12     | Reached skill level 5 in Ice Magic
 31554 | D:14     | Found a hide-covered altar of Uskayaw.
 31628 | D:14     | Noticed Agnes
 32851 | D:14     | Found a runed door.
 33013 | D:14     | Found a gate to the Vaults.
 33683 | D:14     | Killed Agnes
 34412 | D:15     | Entered Level 15 of the Dungeon
 34672 | D:15     | Identified the cursed +2 trident "Faejiask" {venom, *Drain +Blink Str+2 SInv} (You found it on level 15 of the Dungeon)
 34948 | D:15     | Reached XP level 16. HP: 129/133 MP: 16/29
 35109 | D:15     | Learned a level 4 spell: Throw Icicle
 35144 | D:15     | Found a staircase to the Depths.
 36290 | Spider:1 | Entered Level 1 of the Spider Nest
 36423 | Spider:1 | Noticed Asterion
 36438 | Spider:1 | Killed Asterion
 36752 | Spider:1 | Reached skill level 10 in Fighting
 36987 | Spider:1 | Reached skill level 10 in Spellcasting
 37727 | Spider:2 | Noticed Louise
 37733 | Spider:2 | Killed Louise
 38054 | Spider:1 | Slain by a redback

Vault maps used:
D:1:      minmay_arrival_checkered_box
D:2:      old_standard_altar, grunt_temple_overflow_cloverleaf
D:3:      first_bread, nemelex_xobeh_ov_fountains_minmay,
          uniq_crazy_yiuf_cottage
D:4:      enter_ossuary_4
D:5:      gammafunk_wand_slinger
D:6:      serial_shops, nicolae_shop_overgrown_old_shop
D:7:      nicolae_whirlpool, nicolae_overflow_crystal_walls,
          minmay_temple_entry_statues_pillars
D:10:     erik_lair_island, hangedman_minor_magic
D:11:     regret_index_tunnel_blossom, basic_altar, uniq_erica
D:12:     serial_ice, serial_ice_a, serial_ice_g, serial_ice_e, serial_ice_c,
          grunt_tengu_nest, st_stairs_12, uniq_fannar
D:13:     kennysheep_spiral_hall, serial_shops,
          nicolae_shop_temple_entry_statues_fountains, basic_altar, uniq_erolcha
D:14:     grunt_vaults_entry_tiered, basic_altar, minivault_13, uniq_agnes
D:15:     grunt_enter_depths_snipers, nrook_pool_corridor, serial_column_ruins,
          column_ruins_grid_1, column_ruins_columns_dead_end,
          column_ruins_grid_3
Lair:1:   uniq_gastronok
Lair:3:   elwin_shoals_entry_rocks, spider_nest_entry_rubble,
          portal_ice_cave_entry_ice_beasts, beast_lair_carwin_8,
          serial_bayou_shore_b
Lair:4:   minivault_11, serial_bayou_shore_b
Lair:5:   slime_dummy, grunt_forest_large_clearings, uniq_kirke, uniq_rupert
Lair:6:   minmay_lair_end_frog_pond, lab_entry_generic, serial_bayou_shore_b
Spider:1: hangedman_spider_tarantella_strand, uniq_asterion
Spider:2: uniq_louise
Orc:1:    nicolae_orc_lava_room, uniq_nergalle
Orc:2:    pf_orc_diabolical, nicolae_volcano_entry_s_turn, basic_altar,
          minmay_orc_temple_b
Lab:      lab_fountain, labyrinth_skeletal_remains, nicolae_lab_diamond,
          nicolae_lab_statue, nicolae_lab_dead_end, nicolae_lab_quarters
Ossuary:  ossuary_zaba_flooded
IceCv:    ice_cave_small_giant
Volcano:  volcano_lake

Skill      XL: |  1  2  3  4  5  6  7  8  9 10 11 12 13 14 15 16 |
---------------+-------------------------------------------------+-----
Conjurations   | 1 2 3 4 5 7 8 9 10 11 12 13 | 13.0
Fire Magic     | 3 4 5 6 8 9 10 11 12 | 12.6
Spellcasting   | 2 3 4 6 7 8 9 10 | 10.1
Earth Magic    | 1 4 5 |  5.5
Necromancy     | 2 5 6 7 9 |  9.9
Fighting       | 4 6 8 9 10 | 10.2
Transmutations | 3 5 6 |  6.6
Ice Magic      | 4 6 7 |  7.0
Dodging        | |  1.3
Stealth        | |  1.1

Action                   |  1- 3 |  4- 6 |  7- 9 | 10-12 | 13-15 | 16-18 || total
-------------------------+-------+-------+-------+-------+-------+-------++-------
Melee: Unarmed           |    35 |    30 |       |       |       |       ||    65
       Kick              |     6 |     6 |     8 |     4 |    19 |       ||    43
       Dagger            |       |    30 |       |       |       |       ||    30
       Quarterstaff      |       |    13 |    64 |    33 |    72 |     3 ||   185
 Cast: Flame Tongue      |    73 |    95 |   294 |   452 |   445 |     3 ||  1362
       Throw Flame       |       |       |    18 |   115 |   319 |     2 ||   454
       Sticky Flame      |       |       |     5 |    52 |    77 |     1 ||   135
       Conjure Flame     |       |       |     5 |    17 |    23 |     3 ||    48
       Sandblast         |       |       |       |    73 |   229 |       ||   302
       Fireball          |       |       |       |     9 |   213 |    12 ||   234
       Sticks to Snakes  |       |       |       |       |    52 |     8 ||    60
       Animate Dead      |       |       |       |       |    31 |    10 ||    41
       Throw Icicle      |       |       |       |       |       |    85 ||    85
Invok: Receive Corpses   |       |       |       |     1 |     7 |     2 ||    10
Evoke: Wand              |       |     2 |       |       |     8 |       ||    10
  Use: Scroll            |       |       |     3 |     6 |    21 |     1 ||    31
       Potion            |       |       |       |     7 |     4 |     2 ||    13
 Stab: Sleeping          |       |     1 |       |     1 |       |       ||     2
  Eat: Chunk             |     5 |     7 |    16 |    30 |    78 |     9 ||   145
       Fruit             |       |       |       |       |    22 |       ||    22
Armor: Robe              |    19 |    54 |    52 |    70 |   184 |    22 ||   401
Dodge: Dodged            |    24 |    51 |    51 |   112 |   248 |    29 ||   515
